 Dungeon Crawl Stone Soup version 0.30.0-19-g36f170ea60 (webtiles) character file.

Game seed: 15275965562111856436

6290 Peloso the Carver (level 10, 0/90 HPs)
             Began as a Minotaur Fighter on May 28, 2023.
             Slain by Prince Ribbit (12 damage)
             ... in a bailey.
             The game lasted 00:16:30 (6961 turns).

Peloso the Carver (Minotaur Fighter)                Turns: 6961, Time: 00:16:30

Health: 0/90       AC: 15    Str: 24    XL:     10   Next: 63%
Magic:  9/9        EV:  8    Int:  5    God:
Gold:   449        SH: 12    Dex: 17    Spells: 9/9 levels left

rFire   . . .        a - +3 scimitar (freeze)
rCold   . . .        d - +0 kite shield
rNeg    . . .        k - +0 plate armour
rPois   .            (helmet restricted)
rElec   .            (no cloak)
rCorr   +            (no gloves)
SInv    .            z - +0 pair of boots
Will    .....        (no amulet) Stlth
                     c - +6 ring of dexterity
HPRegen 0.35/turn    u - ring of resist corrosion
MPRegen 0.11/turn

%: no passive effects
@: on berserk cooldown, slowed, very slow
A: horns 2, retaliatory headbutt
a: no special abilities


You were in a bailey.
You visited 1 branch of the dungeon, and saw 7 of its levels.
You also visited: Bailey.

You collected 449 gold pieces.

Inventory:

Hand Weapons
 a - a +3 scimitar of freezing (weapon)
Armour
 b - a +3 scale mail
 d - a +0 kite shield (worn)
 k - a +0 plate armour (worn)
 z - a +0 pair of boots (worn)
Jewellery
 c - a +6 ring of dexterity (left hand)
 u - a ring of resist corrosion (right hand)
 x - a ring of ice
Wands
 h - a wand of paralysis (8)
 B - a wand of mindburst (2)
Scrolls
 e - a scroll of fog
 i - 2 scrolls of poison
 q - 2 scrolls of teleportation
 r - 2 scrolls of immolation
 t - 4 scrolls of amnesia {unknown}
 v - a scroll of noise {unknown}
 w - a scroll of enchant armour {unknown}
 y - a scroll of fear
 A - 2 scrolls of magic mapping {unknown}
Potions
 f - 2 potions of magic
 g - 3 potions of might
 j - a potion of invisibility
 l - 4 potions of curing
 m - a potion of resistance
 o - 2 potions of flight
 s - a potion of haste


   Skills:
 + Level 8.7 Fighting
 + Level 12.5 Long Blades
 + Level 8.5 Armour
 + Level 4.6 Dodging
 + Level 0.3 Stealth
 + Level 9.4 Shields


You had 9 spell levels left.
You didn't know any spells.
Your spell library contained the following spells:

 Spells                   Type           Power      Damage    Failure   Level
 Freeze                   Ice            0%         1d3       100%        1
 Frozen Ramparts          Ice            0%         1d1       100%        3
 Hailstorm                Conj/Ice       0%         3d3       100%        3
 Portal Projectile        Hex/Tloc       0%         N/A       100%        3
 Tukima's Dance           Hex            0%         N/A       100%        3
 Blade Hands              Tmut           0%         N/A       100%        5


Dungeon Overview and Level Annotations

Branches:
Dungeon (7/15)             Bailey (1/1)
 Temple: D:4-7

Altars:
Ashenzari
Dithmenos
Fedhas
Gozag
Kikubaaqudgha
Nemelex Xobeh
Qazlal
Xom

Shops:
D:3 (

Annotations:
D:4 1 runed translucent door, speedhar's ghost, novice GrFi Bailey Prince Ribbit


Innate Abilities, Weirdness & Mutations

You have a pair of horns on your head.
You reflexively headbutt those who attack you in melee.


Message History

The vault guard is heavily wounded.
Prince Ribbit hits you!
* * * LOW HITPOINT WARNING * * *
The vault guard closely misses you.
You closely miss the vault guard.
The vault guard is heavily wounded.
Prince Ribbit barely misses you.
You slash the vault guard! You freeze the vault guard.
Your headbutt misses the vault guard.
The vault guard is almost dead.
The vault guard closely misses you. You block Prince Ribbit's attack.
You hit the vault guard. You freeze the vault guard.
The vault guard is almost dead.
The vault guard hits you with a +0 broad axe.
* * * LOW HITPOINT WARNING * * *
You slice the vault guard!! You freeze the vault guard.
You kill the vault guard!
Prince Ribbit hits you.
* * * LOW HITPOINT WARNING * * *
Things that are here:
a +0 broad axe; a +0 chain mail You miss Prince Ribbit.
Your headbutt misses Prince Ribbit.
Prince Ribbit is moderately wounded.
You block Prince Ribbit's attack.
You barely miss Prince Ribbit.
Prince Ribbit is moderately wounded.
Prince Ribbit blinks!
There is an open door, spattered with blood here.
You feel a strong urge to attack something.
You are no longer berserk.
You are exhausted.
You feel yourself slow down. Prince Ribbit hits you.
* * * LOW HITPOINT WARNING * * *
Prince Ribbit hits you.
* * * LOW HITPOINT WARNING * * *
You closely miss Prince Ribbit. Your headbutt misses Prince Ribbit.
Prince Ribbit is moderately wounded.
You block Prince Ribbit's attack. Prince Ribbit hits you!
You die...

###≈≈≈≈≈###..#####
##≈≈~~~~~≈≈##'#....
##≈~~~~~~~~~≈#.....)
#≈~~~~~~~~~≈##......
#######~.~..~.~~≈#######)
##!....##...~....~≈≈≈#..##
#!!.....#...~........#).#.
#?...∩..'..~.~.~~~~..'..#.
#$?....)#@~~.~~≈≈≈≈~~#..†.
##$....##F~~~≈≈####≈≈#....
#######~..~≈###..########
#~~~.≈##~...#
##~~.≈#~...~# ##~.≈#..~~##
###.[)~### ######


You could see Prince Ribbit.

Vanquished Creatures
  2 vault guards (Bailey)
  Pikel (D:4)
  3 humans (Bailey)
  5 yaks (D:5)
  A water moccasin (D:5)
  A sky beast (D:7)
  An ice beast (D:5)
  An orc warrior (D:5)
  Duvessa (D:6)
  4 black bears
  2 ogres
  2 lemures (D:4)
  3 phantoms
  11 bullfrogs
  A gnoll sergeant (D:5)
  4 scorpions
  9 wights (D:7)
  Dowan (D:6)
  4 hounds
  Jessica (D:2)
  2 sleepcaps
  Terence (D:2)
  2 iguanas (D:5)
  4 orc wizards
  9 adders
  12 gnolls
  A white imp (D:3)
  2 ufetubi (D:5)
  4 worms
  5 dart slugs
  27 orcs
  4 ball pythons
  6 endoplasms
  4 giant cockroaches (D:1)
  15 goblins
  10 hobgoblins
  11 jackals
  6 bats
  5 frilled lizards
  11 kobolds
  6 rats
205 creatures vanquished.

Notes
Turn   | Place    | Note
-------+----------+-------------------------------------------
     0 | D:1      | Peloso the Minotaur Fighter began the quest for the Orb.
     0 | D:1      | Reached XP level 1. HP: 19/19 MP: 0/0
   132 | D:1      | Reached XP level 2. HP: 27/27 MP: 1/1
   303 | D:1      | Reached skill level 3 in Long Blades
   303 | D:1      | Reached XP level 3. HP: 33/33 MP: 2/2
   833 | D:2      | You fall into a shaft and drop 2 floors!
   833 | D:4      | Found a shimmering altar of Xom.
   858 | D:4      | Reached skill level 4 in Long Blades
   858 | D:4      | Reached XP level 4. HP: 36/40 MP: 3/3
   937 | D:4      | Noticed a scorpion
   953 | D:4      | Killed a scorpion
   954 | D:4      | Reached skill level 5 in Long Blades
   954 | D:4      | Reached XP level 5. HP: 31/46 MP: 4/4
  1071 | D:4      | Noticed Pikel
  1072 | D:4      | Noticed a lemure
  1076 | D:4      | Noticed a lemure
  1077 | D:4      | Noticed a lemure
  1077 | D:4      | Noticed a lemure
  1118 | D:4      | Killed a lemure
  1125 | D:4      | Killed a lemure
  1133 | D:4      | Killed Pikel
  1134 | D:4      | Reached skill level 5 in Fighting
  1134 | D:4      | Reached skill level 7 in Long Blades
  1134 | D:4      | Reached skill level 5 in Armour
  1134 | D:4      | Reached skill level 1 in Dodging
  1134 | D:4      | Reached XP level 6. HP: 15/56 MP: 5/5
  1134 | D:4      | Reached XP level 7. HP: 17/61 MP: 6/6
  1468 | D:3      | Found Hinuets's Antique Weapon Emporium.
  1608 | D:2      | Identified the +3 dagger of Tyatey {spect, Dex+4}
  1625 | D:2      | Noticed Terence
  1636 | D:2      | Killed Terence
  1738 | D:2      | Noticed Jessica
  1744 | D:2      | Killed Jessica
  2153 | D:2      | Reached skill level 8 in Long Blades
  2427 | D:3      | Found a faded altar of an unknown god.
  2504 | D:3      | Found a broken altar of Ashenzari.
  3386 | D:4      | Found a runed translucent door.
  3456 | D:4      | Found a sparkling altar of Nemelex Xobeh.
  3559 | D:4      | Reached XP level 8. HP: 55/70 MP: 7/7
  3673 | D:4      | Found a stormy altar of Qazlal.
  3733 | D:4      | Noticed speedhar's ghost (novice GrFi)
  3816 | D:5      | Entered Level 5 of the Dungeon
  3905 | D:5      | Reached skill level 5 in Shields
  3925 | D:5      | Reached skill level 9 in Long Blades
  4077 | D:5      | Reached XP level 9. HP: 70/78 MP: 8/8
  4119 | D:5      | Reached skill level 10 in Long Blades
  4299 | D:5      | Identified the +0 leather armour of Subjectivity {Str+4}
  4482 | D:5      | Found an ancient bone altar of Kikubaaqudgha.
  4603 | D:5      | Found a blossoming altar of Fedhas.
  4879 | D:6      | Noticed Dowan
  5008 | D:6      | Noticed Duvessa
  5277 | D:6      | Killed Duvessa
  5278 | D:6      | Reached skill level 11 in Long Blades
  5285 | D:6      | Killed Dowan
  5765 | D:6      | Found a shadowy altar of Dithmenos.
  6299 | D:7      | Found an opulent altar of Gozag.
  6320 | D:7      | Reached XP level 10. HP: 24/83 MP: 9/9
  6396 | D:7      | Found a flagged portal.
  6415 | Bailey   | Entered a bailey
  6865 | Bailey   | Reached skill level 12 in Long Blades
  6891 | Bailey   | Noticed a vault guard
  6898 | Bailey   | Killed a vault guard
  6935 | Bailey   | Noticed a vault guard
  6935 | Bailey   | Noticed Prince Ribbit
  6953 | Bailey   | Killed a vault guard
  6961 | Bailey   | Slain by Prince Ribbit

Illustrated notes

Levels and vault maps discovered:
D:1:      dpeg_arrival_round_c, layout_basic
D:2:      layout_loops_cross, minmay_misc_feat_iff, uniq_terence, uniq_jessica
D:3:      corexii_shack_village, layout_basic, evilmike_ruin_ashenzari,
          shapermc_ecumenical_altar_mp_vishouse, serial_shops,
          nicolae_shop_peninsula
D:4:      layout_rooms, amcnicky_altar_gilded,
          mainiacjoe_overflow_six_doors_small, kennysheep_mini_moat,
          ebering_ghost_reflecting_pool, uniq_pikel
D:5:      layout_rooms, fedhas_ov_isle_minmay, mainiacjoe_overflow_cross_hatched
D:6:      layout_loops_ring, lemuel_coloured_pillars_altar, minmay_liquid_box,
          uniq_duvessa
D:7:      cheibrodos_two_vegetables, layout_cave_pods, grunt_gozag_statues,
          lemuel_temple_firewalk_b, enter_bailey_5
Bailey:   bailey_axe_froggy_fort_hellmonk, bailey

Skill      XL: |  1  2  3  4  5  6  7  8  9 10 |
---------------+-------------------------------+-----
Fighting       | 4 5 6 8 |  8.7
Armour         | 4 5 6 7 8 |  8.5
Shields        | 4 5 7 9 |  9.4
Long Blades    | 3 4 5 7 8 9 11 12 | 12.5
Dodging        | 1 2 4 |  4.6
Stealth        | |  0.3

Action                     |  1- 3 |  4- 6 |  7- 9 | 10-12 || total
---------------------------+-------+-------+-------+-------++-------
  Melee: Long sword        |    68 |    41 |   427 |       ||   536
         Headbutt          |    11 |    11 |    93 |    14 ||   129
         Scimitar          |       |       |       |    87 ||    87
  Evoke: Wand              |       |       |     2 |       ||     2
    Use: Potion            |     2 |       |       |     4 ||     6
         Scroll            |     1 |       |    13 |       ||    14
 Armour: Scale mail        |    33 |     8 |   101 |    19 ||   161
         Chain mail        |       |       |    23 |       ||    23
         Plate armour      |       |       |       |     2 ||     2
  Dodge: Dodged            |    33 |    22 |   152 |    37 ||   244
  Block: Buckler           |    17 |     4 |    46 |       ||    67
         Kite shield       |       |       |   149 |    68 ||   217
